 Dungeon Crawl Stone Soup version 0.19-a0-1337-g9bf5fb0 (webtiles) character file.

8265 Deemzul the Carver (level 11, -2/89 HPs)
             Began as a Demonspawn Berserker on Sept 1, 2016.
             Was an Elder of Trog.
             Slain by an orc
             ... wielding a +2 whip of electrocution
              (17 damage)
             ... on level 9 of the Dungeon.
             The game lasted 00:17:16 (8673 turns).

Deemzul the Carver (Demonspawn Berserker)           Turns: 8673, Time: 00:17:17

Health: -2/89      AC: 18    Str: 22    XL:     11   Next: 7%
Magic:  3/3        EV: 11    Int:  8    God:    Trog [****..]
Gold:   205        SH:  0    Dex: 16    Spells: 0 memorised, 10 levels left

rFire  . . .     SeeInvis .     C - +1 great sword (antimagic)
rCold  + . .     Gourm    .     H - +2 ring mail {MR+}
rNeg   + . .     Faith    .     (shield currently unavailable)
rPois  .         Spirit   .     (no helmet)
rElec  .         Dismiss  .     r - +2 cloak "Womyfy" {+Blink}
rCorr  .         Reflect  .     J - +2 pair of gloves
MR     +....     Harm     .     (no boots)
Stlth  +.........               (no amulet)
                                x - ring of positive energy
                                p - +4 ring of strength

@: no status effects
A: talons 1, yellow scales 2, cold resistance 1, powered by pain 1, freezing
cloud immunity
a: Berserk, Trog's Hand, Brothers in Arms, Burn Spellbooks, Renounce Religion,
Evoke Blink


You were on level 9 of the Dungeon.
You worshipped Trog.
Trog was greatly pleased with you.
You were not hungry.

You visited 1 branch of the dungeon, and saw 10 of its levels.
You also visited: Sewer and Ossuary.

You collected 760 gold pieces.
You spent 555 gold pieces at shops.

Inventory:

Hand Weapons
 a - a +1 falchion
 s - a +1 falchion of distortion
 C - a +1 antimagic great sword (weapon)
Armour
 r - the +2 cloak "Womyfy" (worn) {+Blink}
   (You bought it in a shop on level 8 of the Dungeon)

   It lets you blink.
 w - a +1 shield of fire resistance
 H - a +2 ring mail of magic resistance (worn)
 J - a +2 pair of gloves (worn)
Jewellery
 p - a +4 ring of strength (left hand)
 x - a ring of positive energy (right hand)
 E - an uncursed ring of ice
Wands
 j - a wand of paralysis (18/24)
 q - a wand of digging (18/24)
 u - a wand of iceblast (7/15)
 y - a wand of flame (15/48)
 G - a wand of teleportation (3/9)
Scrolls
 d - 2 scrolls of enchant armour {unknown}
 e - 2 scrolls of teleportation
 i - 6 scrolls of identify
 o - 3 scrolls of remove curse
 z - 3 scrolls of fear
 B - a scroll of immolation {unknown}
 F - 2 scrolls of blinking
 K - a scroll of brand weapon {unknown}
 L - a scroll of magic mapping
Potions
 b - a potion of agility {unknown}
 f - a potion of beneficial mutation {unknown}
 g - a potion of berserk rage {unknown}
 h - 5 potions of curing
 l - a potion of cancellation {unknown}
 t - a potion of might
 v - a potion of haste {unknown}
 A - a potion of lignification
 D - a potion of invisibility {unknown}
Comestibles
 c - 6 bread rations
 k - 3 meat rations
 m - 3 beef jerkies
 n - 3 chunks of flesh
 I - 24 fruits


   Skills:
 + Level 9.2 Fighting
 * Level 11.4 Long Blades
 + Level 7.9 Armour
 - Level 1.7 Dodging


You had 10 spell levels left.
You didn't know any spells.

Dungeon Overview and Level Annotations

Branches:
Dungeon (10/15)            Temple (0/1) D:5
   Lair: D:8-11         Orc: D:9-12

Altars:
Ashenzari
Cheibriados
Elyvilon
Hepliaklqana
Makhleb
Nemelex Xobeh
Okawaru
Qazlal
Trog
Uskayaw
Vehumet
Yredelemnul
Zin

Shops:
D:5 !   D:8 [

Annotations:
D:7 exclusion: statue


Innate Abilities, Weirdness & Mutations

You have sharp toenails.
You are mostly covered in yellow scales. (AC +3)
Your flesh is cold resistant. (rC+)
You sometimes gain a little power by taking damage.
You are immune to freezing clouds.


Message History

There is a stone staircase leading down here.
There are monsters nearby!
You slice the orc!!
You kill the orc!
Trog accepts your kill.
The orc wizard hits you but does no damage.
You miss the orc wizard.
You claw the orc wizard, but do no damage.
The orc wizard completely misses you.
You riposte.
You slice the orc wizard!!
You kill the orc wizard!
Trog accepts your kill.
Trog appreciates your killing of a magic user.
The orc hits you with a whip of electrocution.
You are electrocuted!
* * * LOW HITPOINT WARNING * * *
You hit the orc but do no damage.
The orc hits you with a whip of electrocution!
* * * LOW HITPOINT WARNING * * *
You are electrocuted!
You die...

........#......#.# #.......
........#......#.# #.......
.....=..#......')#########.......
........#......#[.......#####.#'#
........########.<.....##...###[[
.........)(.?)........##...8.##..
..##########..........#........).
###........#####o##'###._........
................@.....#..........
................).....##...8.##..
.........#########.....##...#####
.........# #.....######....
##.......# #.....######....
.#.......# #..........#....
.'.......# #).........#....
.'.......#########..........#....
.#............(.............#....


You could see an orc.

Vanquished Creatures
  An unseen horror (D:10)
  A necromancer (D:9)
  A troll (D:9)
  3 flying skulls (D:9)
  2 shadows (D:9)
  2 wraiths (D:9)
  The ghost of silfa the Skirmisher, an amateur MiFi (D:4)
  A hippogriff (D:7)
  A water moccasin (D:7)
  A sky beast (D:7)
  An ice beast (D:7)
  2 orc warriors
  2 eyes of draining (D:9)
  A black bear (D:6)
  4 ogres
  A phantom (D:6)
  A centaur (D:7)
  A gnoll sergeant (D:6)
  8 giant frogs
  2 big kobolds
  4 scorpions
  A water moccasin skeleton (D:8)
  16 killer bees
  3 wights (D:9)
  5 crimson imps
  A wasp zombie (D:9)
  A giant frog zombie (D:9)
  A centaur zombie (D:9)
  2 hounds
  5 orc priests
  2 giant frog skeletons
  3 jellies
  5 orc wizards
  2 centaur skeletons
  An iguana (D:5)
  9 worker ants
  A killer bee zombie (D:8)
  A big kobold zombie (Ossuary)
  A hound zombie (D:5)
  2 mummies (Ossuary)
  3 worker ant zombies (D:9)
  9 gnolls
  A howler monkey skeleton (D:10)
  10 adders
  A shadow imp (D:9)
  5 oozes (Sewer)
  An adder zombie (D:9)
  3 adder skeletons
  2 worms (D:2)
  A dart slug (D:2)
  18 giant geckos
  26 orcs
  20 giant cockroaches
  3 gnoll zombies (Ossuary)
  5 goblins
  4 hobgoblins
  12 jackals
  3 quokkas
  10 ball pythons
  5 bats
  A giant gecko zombie (D:8)
  12 giant newts
  3 goblin zombies (Ossuary)
  3 hobgoblin zombies (Ossuary)
  3 kobolds
  4 orc zombies (Ossuary)
  A quokka skeleton (D:4)
  10 rats
282 creatures vanquished.

Vanquished Creatures (collateral kills)
  Josephine (D:9)
  A flying skull (D:9)
  An orc warrior (D:9)
  A wight (D:9)
  An orc priest (D:9)
  2 giant frog skeletons (D:9)
  A hound zombie (D:9)
  2 adder zombies (D:9)
  2 orcs (D:9)
12 creatures vanquished.

Vanquished Creatures (others)
  A sky beast (D:9)
  A black bear (D:8)
  An ogre (D:8)
  A giant frog (D:8)
  A scorpion (D:6)
  A killer bee (D:8)
  A howler monkey (D:7)
  An orc priest (D:7)
  A gnoll (D:8)
  An adder skeleton (D:5)
  2 orcs
  A giant cockroach (Sewer)
13 creatures vanquished.

Grand Total: 307 creatures vanquished

Notes
Turn   | Place    | Note
-------+----------+-------------------------------------------
     0 | D:1      | Deemzul the Demonspawn Berserker began the quest for the Orb.
     0 | D:1      | Reached XP level 1. HP: 18/18 MP: 1/1
    78 | D:1      | Reached skill level 3 in Long Blades
    78 | D:1      | Gained mutation: You are partially covered in yellow scales. (AC +2) [demonic ancestry]
    78 | D:1      | Reached XP level 2. HP: 10/24 MP: 2/2
   640 | D:2      | Found a sparkling altar of Nemelex Xobeh.
   691 | D:2      | Found a burning altar of Makhleb.
   695 | D:2      | Found a glowing silver altar of Zin.
   697 | D:2      | Found a hazy altar of Hepliaklqana.
   697 | D:2      | Found a basalt altar of Yredelemnul.
   697 | D:2      | Found a white marble altar of Elyvilon.
   698 | D:2      | Found an iron altar of Okawaru.
   698 | D:2      | Found a snail-covered altar of Cheibriados.
   703 | D:2      | Found a hide-covered altar of Uskayaw.
   780 | D:2      | Reached ** piety under Trog
   780 | D:2      | Gained mutation: You sometimes gain a little power by taking damage. [demonic ancestry]
   780 | D:2      | Reached XP level 3. HP: 12/29 MP: 3/3
   906 | D:2      | HP: 1/29 [poisoned by an adder]
  1377 | D:2      | Gained mutation: Your flesh is cold resistant. (rC+) [demonic ancestry]
  1377 | D:2      | Reached XP level 4. HP: 17/35 MP: 4/4
  2141 | D:3      | Reached skill level 4 in Long Blades
  2657 | D:4      | Reached XP level 5. HP: 17/41 MP: 5/5
  2768 | D:4      | Found a stormy altar of Qazlal.
  2815 | D:4      | Noticed silfa's ghost (amateur MiFi)
  2823 | D:4      | Found a sand-covered staircase.
  2832 | Ossuary  | Entered an ossuary
  2898 | Ossuary  | Reached *** piety under Trog
  3067 | D:4      | Killed silfa's ghost
  3067 | D:4      | Reached skill level 5 in Long Blades
  3067 | D:4      | Reached XP level 6. HP: 30/48 MP: 6/6
  3260 | D:5      | Entered Level 5 of the Dungeon
  3400 | D:5      | Found Idutuh's Distillery.
  3672 | D:5      | Gained mutation: You are immune to freezing clouds. [demonic ancestry]
  3672 | D:5      | Reached XP level 7. HP: 51/55 MP: 7/7
  3697 | D:5      | Found a glowing drain.
  3727 | Sewer    | Entered a sewer
  3901 | Sewer    | Reached **** piety under Trog
  4064 | Sewer    | Reached skill level 6 in Long Blades
  4164 | D:5      | Found a staircase to the Ecumenical Temple.
  4768 | D:6      | Reached skill level 5 in Fighting
  4774 | D:6      | Gained mutation: You are mostly covered in yellow scales. (AC +3) [demonic ancestry]
  4774 | D:6      | Reached XP level 8. HP: 46/62 MP: 8/8
  4807 | D:6      | Reached skill level 7 in Long Blades
  4951 | D:6      | Reached skill level 5 in Armour
  5398 | D:7      | Reached skill level 8 in Long Blades
  5603 | D:7      | Gained mutation: You have sharp toenails. [demonic ancestry]
  5603 | D:7      | Reached XP level 9. HP: 62/70 MP: 9/9
  6027 | D:7      | Found a radiant altar of Vehumet.
  6220 | D:8      | Found a shattered altar of Ashenzari.
  6286 | D:8      | Reached skill level 9 in Long Blades
  6560 | D:8      | Found Sieh's Antique Armour Shop.
  6569 | D:8      | Bought a steaming cloak for 285 gold pieces
  6579 | D:8      | Identified the +2 cloak "Womyfy" {+Blink} (You bought it in a shop on level 8 of the Dungeon)
  6631 | D:8      | Reached ***** piety under Trog
  6774 | D:8      | Bought a warped ring mail for 270 gold pieces
  6784 | D:8      | Identified the +2 ring mail of the Salamander {Int+2} (You bought it in a shop on level 8 of the Dungeon)
  6899 | D:9      | Noticed a troll
  6964 | D:9      | Killed a troll
  6988 | D:9      | Noticed a necromancer
  6996 | D:9      | Noticed Josephine
  7030 | D:8      | Received a gift from Trog
  7055 | D:9      | Reached XP level 10. HP: 58/80 MP: 10/10
  7194 | D:9      | Reached skill level 10 in Long Blades
  7218 | D:9      | Found a stormy altar of Qazlal.
  7483 | D:9      | Killed Josephine
  7693 | D:9      | Got a twisted ring mail
  7704 | D:9      | Identified the cursed +1 ring mail of Xetenoxt {rCorr Str+2 Dex-3} (You found it on level 9 of the Dungeon)
  8174 | D:9      | Killed a necromancer
  8174 | D:9      | Reached skill level 11 in Long Blades
  8182 | D:9      | Found a bloodstained altar of Trog.
  8413 | D:10     | Entered Level 10 of the Dungeon
  8464 | D:10     | Reached XP level 11. HP: 68/89 MP: 3/11
  8647 | D:10     | Killed an unseen horror
  8673 | D:9      | Slain by an orc

Vault maps used:
D:1:      dpeg_arrival_solitude
D:2:      minmay_wonky_spiral, grunt_temple_overflow_open, nemelex_altar_shiori
D:4:      nicolae_overflow_crystal_walls, first_bread,
          lightli_ossuary_entry_decrepit_ruins
D:5:      gup_sewer_entry_pipe, serial_shops, shop
D:7:      vehumet_statue
D:8:      ashenzari_altar_1, serial_shops, shop_statue, blue_anna_alchemist
D:9:      hangedman_screamer, basic_altar, trog_eyes_of_draining
D:10:     basic_altar, uniq_snorg
Sewer:    sewer_frog_island_02
Ossuary:  minmay_ossuary_gauntlet

Skill      XL: |  1  2  3  4  5  6  7  8  9 10 |
---------------+-------------------------------+-----
Long Blades    | 3 4 5 6 8 9 11 | 11.4
Armour         | 2 3 4 5 6 7 |  7.9
Fighting       | 4 5 6 7 9 |  9.2
Dodging        | |  1.7

Action                   |  1- 3 |  4- 6 |  7- 9 | 10-12 || total
-------------------------+-------+-------+-------+-------++-------
Melee: Falchion          |   166 |   236 |   538 |       ||   940
       Kick              |       |       |    54 |   108 ||   162
       Great sword       |       |       |       |   293 ||   293
Invok: Berserk           |     2 |     1 |     5 |     2 ||    10
       Trog's Hand       |     1 |     1 |     3 |     3 ||     8
       Brothers in Arms  |       |       |     1 |     1 ||     2
Evoke: Wand              |       |       |       |     1 ||     1
  Use: Scroll            |       |    10 |       |     2 ||    12
       Potion            |       |     3 |     2 |       ||     5
 Stab: Sleeping          |     1 |       |       |       ||     1
  Eat: Chunk             |     4 |     4 |    17 |     9 ||    34
       Beef jerky        |       |     3 |       |       ||     3
       Royal jelly       |       |       |       |     1 ||     1
Armor: Animal skin       |    45 |       |       |       ||    45
       Scale mail        |       |    97 |   165 |       ||   262
       Ring mail         |       |       |    42 |   170 ||   212
Dodge: Dodged            |    89 |   105 |   231 |   165 ||   590
Block: Shield            |       |       |   112 |       ||   112
